 Dungeon Crawl Stone Soup version 0.29.0-13-gc9e81de378 (webtiles) character file.

Game seed: 3289164187216914571

2855 nickcage the Impaler (level 9, -8/54 HPs)
             Began as a Merfolk Gladiator on Sept 7, 2022.
             Was a Priest of Hepliaklqana.
             Mangled by a boulder beetle (30 damage)
             ... on level 8 of the Dungeon.
             The game lasted 00:15:03 (8179 turns).

nickcage the Impaler (Merfolk Gladiator)            Turns: 8179, Time: 00:15:04

Health: -8/54      AC: 11    Str: 18    XL:     9   Next: 75%
Magic:  9/9        EV:  8    Int:  7    God:    Hepliaklqana [***...]
Gold:   416        SH:  5    Dex: 16    Spells: 8/8 levels left

rFire   + . .      SeeInvis .   a - +0 trident
rCold   . . .      Faith    .   g - +0 buckler
rNeg    . . .      Spirit   .   r - +0 chain mail
rPois   +          Reflect  .   c - +1 helmet
rElec   .          Harm     .   f - +0 cloak
rCorr   .          Rampage  .   (no gloves)
Will    .....                   (no boots)
Stlth   ..........              (no amulet)
HPRegen 0.18/turn               E - ring of poison resistance
MPRegen 0.11/turn               K - ring of protection from fire

@: no status effects
A: reduced essence, (nimble swimmer 2), mertail
a: Renounce Religion, Recall Ancestor, Ancestor Identity, Transference


You were on level 8 of the Dungeon.
You worshipped Hepliaklqana.
Hepliaklqana was most pleased with you.
You visited 1 branch of the dungeon, and saw 8 of its levels.
You also visited: Sewer and Ossuary.

You collected 416 gold pieces.

Inventory:

Hand Weapons
 a - a +0 trident (weapon)
Missiles
 d - 3 throwing nets
 l - a javelin
 y - a poisoned dart (quivered)
Armour
 b - a +0 leather armour
 c - a +1 helmet (worn)
 e - a +0 scale mail
 f - a +0 cloak (worn)
 g - a +0 buckler (worn)
 n - a scarf of repulsion
 r - a +0 chain mail (worn)
Jewellery
 s - a ring of wizardry
 E - a ring of poison resistance (left hand)
 K - a ring of protection from fire (right hand)
 L - a ring of positive energy
Wands
 v - a wand of polymorph (8)
 z - a wand of mindburst (12)
 I - a wand of iceblast (10)
Scrolls
 h - a scroll of noise
 i - 6 scrolls of identify
 u - 2 scrolls of enchant armour
 w - a scroll of teleportation
 x - a scroll of blinking {unknown}
 B - a scroll of torment
 H - 2 scrolls of vulnerability
Potions
 j - 11 potions of curing
 k - 4 potions of brilliance
 m - 2 potions of berserk rage {unknown}
 o - 3 potions of mutation {unknown}
 p - 2 potions of attraction {unknown}
 q - 2 potions of invisibility {unknown}
 t - 4 potions of flight
 A - a potion of might {unknown}
 C - 2 potions of degeneration {unknown}
 D - a potion of cancellation {unknown}
 F - 3 potions of heal wounds {unknown}
 G - a potion of magic {unknown}
 J - a potion of haste {unknown}


   Skills:
 - Level 2.1 Fighting
 + Level 16.4 Polearms
 - Level 2.0 Throwing
 - Level 4.0 Dodging
 + Level 3.2 Shields


You had 8 spell levels left.
You didn't know any spells.
Your spell library contained the following spells:

 Spells                   Type           Power      Damage    Failure   Level
 Necrotise                Necr           0%         1d4       100%        1
 Scorch                   Fire           0%         2d5       100%        2
 Vampiric Draining        Necr           0%         2d6       100%        3
 Cause Fear               Hex            0%         N/A       100%        4
 Flame Wave               Conj/Fire      0%         2d4       100%        4
 Agony                    Necr           0%         N/A       100%        5
 Summon Cactus Giant      Summ           0%         N/A       100%        6
 Dragon Form              Tmut           0%         N/A       100%        7
 Dragon's Call            Summ           0%         N/A       100%        9


Dungeon Overview and Level Annotations

Branches:
Dungeon (8/15)             Temple (0/1) D:4           Sewer (visited)
Ossuary (visited)
   Lair: D:8-11

Altars:
Ashenzari
Cheibriados
Elyvilon
Gozag
Hepliaklqana
Makhleb
Nemelex Xobeh
Trog
Uskayaw
Vehumet
Yredelemnul
Zin

Shops:
D:5 *

Annotations:
D:8 Joseph


Innate Abilities, Weirdness & Mutations

Your life essence is reduced to manifest your ancestor. (-10% HP)
((You are very nimble when in or above water. (Stealth+, EV+, Speed+++)))
Your lower body shifts to a powerful aquatic tail in water.


Message History

You throw a poisoned dart. The poisoned dart hits Joseph.
Joseph looks even sicker.
Joseph is lightly wounded.
Joseph shoots a sling bullet.
The sling bullet hits you!
Joseph unwields a +0 sling.
Joseph wields a +2 vorpal quarterstaff.
Joseph hits Tank with a +2 vorpal quarterstaff.
Tank misses Joseph.
The boulder beetle bites Tank.
Tank hits Joseph with a +0 flail.
Joseph unwields a +2 vorpal quarterstaff.
Joseph wields a +0 sling.
Joseph shoots a sling bullet.
The sling bullet hits Tank!
The boulder beetle leaps!
Tank hits Joseph with a +0 flail!
Joseph shoots a sling bullet.
Tank blocks the sling bullet.
Tank hits Joseph with a +0 flail!
The boulder beetle curls into a ball and begins rolling!
Joseph unwields a +0 sling.
Joseph wields a +2 vorpal quarterstaff.
Tank blocks Joseph's attack.
You are too injured to fight recklessly!
Reach: a) +0 trident
Press: ? - help, Dir - move target, f/p - Joseph
Aim: Joseph, wielding a +2 vorpal quarterstaff and wearing a +0 leather armour (heavily wounded, not watching you, very poisoned, ally target, about 32% to evade your +0 trident)
You reach to attack!
You puncture Joseph!
Joseph is severely wounded.
Tank hits Joseph with a +0 flail!
Reach: a) +0 trident
Press: ? - help, Dir - move target, f/p - Joseph
Aim: Joseph, wielding a +2 vorpal quarterstaff and wearing a +0 leather armour (almost dead, very poisoned, ally target, about 32% to evade your +0 trident)
You reach to attack!
You closely miss Joseph.
Joseph is almost dead.
Joseph unwields a +2 vorpal quarterstaff.
Joseph wields a +0 sling.
Joseph shoots a sling bullet.
The sling bullet hits Tank but does no damage.
Reach: a) +0 trident
Press: ? - help, Dir - move target, f/p - Joseph
Aim: Joseph, wielding a +0 sling and wearing a +0 leather armour (almost dead, very poisoned, ally target, about 32% to evade your +0 trident)
You reach to attack!
You closely miss Joseph.
Joseph is almost dead.
Tank hits Joseph with a +0 flail.
The boulder beetle hits you!!
Ouch! That really hurt!
You die...

#..# #.. ## ####.. .###
.. #.#..# #....#
#.##..°.# #..#.# #>#
#.(...°.####..#.#####.#
#.(@RB.#...........#.#
#@...............#
##...............#
###.##..........#
#..............
####........).)
#....<......
##.......<.. ......
#......[... #.....
#........).


You could see the friendly Tank the knight, a boulder beetle (rolling) and
Joseph (very poisoned, ally target).

Vanquished Creatures
  A hornet (D:7)
  A steam dragon (D:7)
  2 water moccasins
  A sky beast (D:6)
  An ogre (D:6)
  A phantom (D:5)
  4 scorpions
  A bullfrog (D:7)
  3 wights (D:6)
  A howler monkey (D:5)
  3 hounds (D:5)
  An orc priest (D:5)
  Jessica (D:3)
  Ijyb (D:3)
  Terence (D:2)
  3 iguanas
  An orc wizard (D:4)
  3 mummies
  Robin (D:2)
  3 adders
  A river rat (Sewer)
  A white imp (D:6)
  An ufetubus (D:6)
  A worm (D:3)
  4 dart slugs
  10 orcs
  4 bats
  4 endoplasms
  3 giant cockroaches
  A gnoll zombie (Ossuary)
  15 goblins
  8 hobgoblins
  3 jackals
  9 kobolds
  2 quokkas
  4 ball pythons
  3 frilled lizards
  4 gnoll skeletons (Ossuary)
  3 goblin skeletons (Ossuary)
  8 goblin zombies (Ossuary)
  3 hobgoblin skeletons (Ossuary)
  4 hobgoblin zombies (Ossuary)
  A kobold skeleton (Ossuary)
  A kobold zombie (Ossuary)
  6 orc skeletons (Ossuary)
  4 orc zombies (Ossuary)
  6 rats
  A rat skeleton (Ossuary)
  3 rat zombies (Ossuary)
152 creatures vanquished.

Vanquished Creatures (collateral kills)
  Menkaure (Ossuary)
  A water moccasin (D:5)
  A centaur (D:8)
  A bullfrog (D:6)
  2 kobold brigands
  A scorpion (D:5)
  A necrophage (D:4)
  3 wights (D:7)
  A jelly (D:5)
  2 hounds
  An orc priest (D:8)
  4 orc wizards
  A mummy (Ossuary)
  An adder (D:5)
  5 orcs
  2 ball pythons (D:6)
  2 jackals (D:5)
  4 kobolds
  2 goblin skeletons (Ossuary)
  2 hobgoblin skeletons (Ossuary)
  2 hobgoblin zombies (Ossuary)
  A kobold zombie (Ossuary)
  3 orc skeletons (Ossuary)
  An orc zombie (Ossuary)
  2 rats (Sewer)
47 creatures vanquished.

Grand Total: 199 creatures vanquished

Notes
Turn   | Place    | Note
-------+----------+-------------------------------------------
     0 | D:1      | nickcage the Merfolk Gladiator began the quest for the Orb.
     0 | D:1      | Reached XP level 1. HP: 16/16 MP: 1/1
   114 | D:1      | Reached XP level 2. HP: 22/22 MP: 2/2
   137 | D:1      | Reached skill level 5 in Polearms
   489 | D:1      | Reached XP level 3. HP: 27/27 MP: 3/3
   883 | D:2      | Found a faded altar of an unknown god.
   885 | D:2      | Noticed a golden eye
   885 | D:2      | Noticed a floating eye
   891 | D:2      | Noticed a floating eye
   892 | D:2      | Noticed Terence
   904 | D:2      | Killed Terence
   905 | D:2      | Reached skill level 6 in Polearms
  1085 | D:2      | Noticed an eye of devastation
  1165 | D:2      | Reached XP level 4. HP: 33/33 MP: 4/4
  1194 | D:2      | Noticed Robin
  1217 | D:2      | Killed Robin
  1865 | D:2      | Reached skill level 7 in Polearms
  2240 | D:3      | Found a faded altar of an unknown god.
  2240 | D:3      | Found a hazy altar of Hepliaklqana.
  2242 | D:3      | Found a faded altar of an unknown god.
  2248 | D:3      | Became a worshipper of Hepliaklqana the Forgotten
  2338 | D:3      | Reached XP level 5. HP: 38/38 MP: 5/5
  2426 | D:3      | Noticed Ijyb
  2427 | D:3      | Noticed Jessica
  2431 | D:3      | Killed Ijyb
  2438 | D:3      | Killed Jessica
  2791 | D:4      | Reached skill level 8 in Polearms
  3019 | D:4      | Reached * piety under Hepliaklqana
  3032 | D:4      | Reached skill level 1 in Shields
  3063 | D:4      | Found a staircase to the Ecumenical Temple.
  3146 | D:4      | Reached XP level 6. HP: 33/39 MP: 6/6
  3206 | D:4      | Reached skill level 9 in Polearms
  3293 | D:4      | Found a sparkling altar of Nemelex Xobeh.
  3549 | D:5      | Entered Level 5 of the Dungeon
  3580 | D:5      | Reached XP level 7. HP: 15/45 MP: 7/7
  3833 | D:5      | Reached skill level 10 in Polearms
  3839 | D:5      | Found Epaafas's Assorted Antiques.
  3906 | D:5      | Reached skill level 11 in Polearms
  3987 | D:5      | Identified the +2 leather armour "Hirath" {Dex+4}
  4040 | D:5      | Found a bloodstained altar of Trog.
  4049 | D:5      | Reached XP level 8. HP: 42/50 MP: 8/8
  4356 | D:5      | Reached skill level 12 in Polearms
  4669 | D:5      | Found a basalt altar of Yredelemnul.
  4803 | D:5      | Found a white marble altar of Elyvilon.
  4868 | D:5      | Found a glowing silver altar of Zin.
  4868 | D:5      | Found an opulent altar of Gozag.
  4868 | D:5      | Reached ** piety under Hepliaklqana
  4869 | D:5      | Remembered your ancestor Tank as a knight
  4957 | D:6      | Found a glowing drain.
  4969 | Sewer    | Entered a sewer
  5095 | Sewer    | Reached skill level 13 in Polearms
  5175 | Sewer    | Found a white marble altar of Elyvilon.
  5244 | D:6      | Found a sand-covered staircase.
  5258 | Ossuary  | Entered an ossuary
  5551 | Ossuary  | Noticed Menkaure
  5561 | Ossuary  | Killed Menkaure
  5725 | D:6      | Reached skill level 14 in Polearms
  6050 | D:6      | Reached XP level 9. HP: 39/54 MP: 9/9
  6234 | D:6      | Found a burning altar of Makhleb.
  6587 | D:7      | Reached skill level 15 in Polearms
  7098 | D:7      | Found a hide-covered altar of Uskayaw.
  7328 | D:7      | Noticed a hornet
  7333 | D:7      | Killed a hornet
  7350 | D:7      | Reached *** piety under Hepliaklqana
  7366 | D:7      | Found a radiant altar of Vehumet.
  7366 | D:7      | Found a broken altar of Ashenzari.
  7520 | D:7      | Reached skill level 16 in Polearms
  8139 | D:8      | Found a snail-covered altar of Cheibriados.
  8165 | D:8      | Noticed Joseph
  8169 | D:8      | Noticed a boulder beetle
  8179 | D:8      | Mangled by a boulder beetle

Illustrated notes

Levels and vault maps discovered:
D:1:      mushboom_english_gardens, layout_loops_ring
D:2:      layout_basic, hellmonk_ecumenical_altar_watching_god, uniq_terence,
          uniq_robin
D:3:      layout_rooms, nicolae_hepliaklqana_ecumenical_no_more, uniq_ijyb,
          uniq_jessica
D:4:      layout_gridville, nemelex_spade_bored_becter, minmay_temple_entry_grid
D:5:      layout_basic, grunt_temple_overflow_gold_and_silver,
          kennysheep_ying_yang, mainiacjoe_overflow_small_starburst,
          serial_shops, nicolae_shop_waterfront, minmay_misc_feat_room
D:6:      layout_loops_cross, old_standard_altar, cheibrodos_sewer_entry_sluice,
          enter_ossuary_5, amcnicky_mini_corridor_feature
D:7:      layout_layer_cave, mainiacjoe_overflow_24_doors,
          gammafunk_temple_overflow_pools, serial_bayou_pond_a
D:8:      layout_rooms, slow_altar_1, hangedman_decor_growths,
          kennysheep_generic_room_14, uniq_joseph, uniq_maurice

Skill      XL: |  1  2  3  4  5  6  7  8  9 |
---------------+----------------------------+-----
Polearms       | 5 6 7 8 9 11 14 16 | 16.4
Shields        | 1 2 3 |  3.2
Fighting       | |  2.1
Throwing       | |  2.0
Dodging        | |  4.0

Action                   |  1- 3 |  4- 6 |  7- 9 || total
-------------------------+-------+-------+-------++-------
Melee: Trident           |    72 |   189 |   336 ||   597
       Tailslap          |       |       |     1 ||     1
Throw: Javelin           |     1 |       |       ||     1
       Dart              |       |     1 |    10 ||    11
Invok: Ancestor Identity |       |       |     1 ||     1
       Recall Ancestor   |       |       |     4 ||     4
       Ancestor Life: Kn |       |       |     1 ||     1
  Use: Scroll            |       |       |    11 ||    11
 Stab: Sleeping          |     3 |       |       ||     3
       Distracted        |       |     1 |     1 ||     2
Armor: Leather armour    |    12 |       |       ||    12
       Chain mail        |       |    51 |    64 ||   115
       Scale mail        |       |    12 |       ||    12
Dodge: Dodged            |    23 |    54 |    34 ||   111
Block: Buckler           |     6 |    17 |    21 ||    44
